 Dungeon Crawl Stone Soup version 0.25.1-2-g60ff931df9 (webtiles) character file.

Game seed: 16295640037939436125

95 Johnny the Poker (level 4, 0/37 HPs)
             Began as a Demigod Gladiator on Aug 16, 2020.
             Slain by an ogre
             ... wielding a +0 giant club
              (21 damage)
             ... on level 4 of the Dungeon.
             The game lasted 00:01:16 (1840 turns).

Johnny the Poker (Demigod Gladiator)                Turns: 1840, Time: 00:01:17

Health: 0/37       AC:  9    Str: 19    XL:     4   Next: 17%
Magic:  6/6        EV: 13    Int: 12    God:
Gold:   79         SH:  0    Dex: 17    Spells: 3/3 levels left

rFire    . . .     SeeInvis .   a - +0 trident
rCold    . . .     Gourm    .   (no shield)
rNeg     . . .     Faith    .   o - +2 leather armour {rPois}
rPois    +         Spirit   .   c - +0 helmet
rElec    .         Reflect  .   r - +1 cloak
rCorr    .         Harm     .   (no gloves)
MR       .....                  j - +0 pair of boots
Stlth    +.........             (no amulet)
HPRegen  0.12/turn              (no ring)
MPRegen  0.10/turn              (no ring)

@: no status effects
A: high mp 1
a: no special abilities


You were on level 4 of the Dungeon.
You were not hungry.

You visited 1 branch of the dungeon, and saw 3 of its levels.

You collected 79 gold pieces.

Inventory:

Hand Weapons
 a - a +0 trident (weapon)
Missiles
 d - 3 throwing nets (quivered)
Armour
 b - a +0 leather armour
 c - a +0 helmet (worn)
 j - a +0 pair of boots (worn)
 o - a +2 leather armour of poison resistance (worn)
 r - a +1 cloak (worn)
Jewellery
 k - an uncursed ring of fire
 t - an uncursed amulet of guardian spirit {unknown}
Scrolls
 e - a scroll of magic mapping {unknown}
 g - 4 scrolls of identify {unknown}
 l - 2 scrolls of blinking {unknown}
 n - 2 scrolls of remove curse {unknown}
 p - a scroll of noise {unknown}
 q - a scroll of teleportation {unknown}
Potions
 h - a potion of haste {unknown}
 i - 3 potions of curing {unknown}
 m - a potion of mutation {unknown}
Comestibles
 f - 8 rations
 s - 7 chunks of flesh


   Skills:
 + Level 2.8 Fighting
 * Level 4.2 Polearms
 - Level 1.7 Throwing
 - Level 2.6 Dodging


You had 3 spell levels left.
You didn't know any spells.
Your spell library was empty.

Dungeon Overview and Level Annotations

Branches:
Dungeon (2/15)


Innate Abilities, Weirdness & Mutations

You have an increased reservoir of magic. (+10% MP)


Message History

You reach to attack!
You barely miss the ogre. You hit the ogre.
The ogre is moderately wounded.
The ogre hits you but does no damage.
You barely miss the ogre.
The ogre is moderately wounded.
The ogre hits you with a +0 giant club.
You hit the ogre.
The ogre is moderately wounded.
The ogre completely misses you.
You puncture the ogre!
The ogre is heavily wounded.
You puncture the ogre!
The ogre is almost dead.
The ogre hits you with a +0 giant club!
Your leather armour prevents you from hitting the ogre.
The ogre is almost dead.
The ogre hits you with a +0 giant club!!
Ouch! That really hurt!
You die...

..# . ..# ##.
#.###.## #..#...##
#......##
#.......#..#
##.........#
#####..........#
#..).@..........#
.......O###.....:..
.#......# ###...##.
####..## ...# #..
.##.# ... ## #.
...# ...#


You could see an ogre.

Vanquished Creatures
  2 gnolls
  3 adders (D:2)
  2 leopard geckos
  An orc (D:4)
  A giant cockroach (D:2)
  2 hobgoblins (D:2)
  6 jackals
  A ball python (D:1)
  6 bats (D:1)
  9 frilled lizards
  4 goblins
  5 kobolds
  4 rats
46 creatures vanquished.

Notes
Turn   | Place    | Note
-------+----------+-------------------------------------------
     0 | D:1      | Johnny the Demigod Gladiator began the quest for the Orb.
     0 | D:1      | Reached XP level 1. HP: 17/17 MP: 3/3
    60 | D:1      | Reached skill level 3 in Polearms
   170 | D:1      | Reached XP level 2. HP: 20/24 MP: 4/4
   684 | D:1      | Reached XP level 3. HP: 14/30 MP: 5/5
  1351 | D:2      | Reached skill level 4 in Polearms
  1664 | D:2      | Reached XP level 4. HP: 31/37 MP: 6/6
  1825 | D:2      | You fall into a shaft and drop 2 floors!
  1828 | D:4      | Noticed an ogre
  1840 | D:4      | Slain by an ogre

Illustrated notes

Levels and vault maps discovered:
D:1:      dpeg_arrival_shelter, layout_rooms, kennysheep_pointless_box
D:2:      layout_loops_ring, amethyst_overflow_temple_binary,
          cheibrodos_gnoll_hut
D:4:      layout_layer_cave, grunt_temple_overflow_open, tgw_trog, first_ration,
          uniq_ijyb, uniq_duvessa, uniq_natasha

Skill      XL: |  1  2  3 |
---------------+----------+-----
Polearms       | 3 4 |  4.2
Fighting       | 2 |  2.8
Throwing       | |  1.7
Dodging        | |  2.6

Action                   |  1- 3 |  4- 6 || total
-------------------------+-------+-------++-------
Melee: Trident           |   129 |    23 ||   152
 Stab: Sleeping          |     4 |       ||     4
  Eat: Chunk             |     2 |     1 ||     3
Armor: Leather armour    |    35 |     7 ||    42
Dodge: Dodged            |    99 |     7 ||   106
